 Dungeon Crawl Stone Soup version 0.29-a0-330-g52719c12eb (webtiles) character file.

Game seed: 14663777765489417598

1301 Aelig the Thrower (level 8, -15/44 HPs)
             Began as a Kobold Brigand on Apr 25, 2022.
             Was an Initiate of Hepliaklqana.
             Demolished by Duvessa
             ... wielding a +0 short sword
              (16 damage)
             ... on level 4 of the Dungeon.
             The game lasted 00:23:07 (7026 turns).

Aelig the Thrower (Kobold Brigand)                  Turns: 7026, Time: 00:23:08

Health: -15/44     AC:  6    Str:  9    XL:     8   Next: 87%
Magic:  8/8        EV: 12    Int: 12    God:    Hepliaklqana [......]
Gold:   94         SH:  0    Dex: 18    Spells: 7/7 levels left

rFire   . . .      SeeInvis .   a - +3 dagger (flame)
rCold   . . .      Faith    .   (no shield)
rNeg    + + .      Spirit   .   f - +0 ring mail
rPois   .          Reflect  .   (no helmet)
rElec   .          Harm     .   c - +0 cloak
rCorr   .          Rampage  .   (no gloves)
Will    .....                   (no boots)
Stlth   ++++......              (no amulet)
HPRegen 0.14/turn               q - ring of positive energy
MPRegen 0.11/turn               y - ring of positive energy

@: brilliant
A: small, no large weapons, nightstalker 3
a: Renounce Religion


You were on level 4 of the Dungeon.
You worshipped Hepliaklqana.
Hepliaklqana was noncommittal.
You visited 2 branches of the dungeon, and saw 7 of its levels.

You collected 164 gold pieces.
You spent 70 gold pieces at shops.

Inventory:

Hand Weapons
 a - a +3 dagger of flaming (weapon)
Missiles
 d - 6 poisoned darts
 e - 2 curare-tipped darts
 m - 110 stones (quivered)
 w - 2 silver boomerangs
Armour
 c - a +0 cloak (worn)
 f - a +0 ring mail (worn)
Jewellery
 q - a ring of positive energy (left hand)
 y - a ring of positive energy (right hand)
Wands
 n - a wand of polymorph (7)
Scrolls
 g - 2 scrolls of fog
 h - a scroll of magic mapping
 k - 3 scrolls of vulnerability
 o - a scroll of teleportation
Potions
 i - 2 potions of mutation
 l - a potion of cancellation {unknown}
 p - 2 potions of attraction
 r - 2 potions of haste
 t - a potion of lignification {unknown}
 v - a potion of brilliance
 x - a potion of ambrosia {unknown}
 z - a potion of flight {unknown}


   Skills:
 - Level 2.1 Fighting
 + Level 8.0 Short Blades
 * Level 9.3 Throwing
 - Level 1.2 Dodging
 - Level 5.3 Stealth


You had 7 spell levels left.
You didn't know any spells.
Your spell library contained the following spells:

 Spells                   Type           Power      Damage    Failure   Level
 Beastly Appendage        Tmut           0%         N/A       67%         1
 Wereblood                Tmut           0%         N/A       80%         2
 Gell's Gravitas          Tloc           0%         N/A       95%         3
 Lesser Beckoning         Tloc           0%         N/A       95%         3
 Spider Form              Tmut/Pois      0%         N/A       95%         3
 Teleport Other           Tloc           0%         N/A       95%         3
 Dispersal                Tloc           0%         N/A       100%        6


Dungeon Overview and Level Annotations

Branches:
Dungeon (6/15)             Temple (1/1) D:5

Altars:
Dithmenos
Elyvilon
Fedhas
Gozag
Hepliaklqana
Kikubaaqudgha
Makhleb
Nemelex Xobeh
Okawaru
Qazlal
Ru
Sif Muna
Trog
Vehumet
Wu Jian
Xom
Yredelemnul
Zin
The Shining One

Shops:
D:1 !   D:3 =*   D:4 *

Annotations:
D:4 Dowan, Duvessa
D:5 4 runed translucent doors, exclusion: wyvern


Innate Abilities, Weirdness & Mutations

You are small and have problems with some larger weapons.
You are completely attuned to the shadows.


Message History

Duvessa drinks a potion.
Duvessa goes berserk!
You hit Duvessa but do no damage.
Duvessa is heavily wounded.
Duvessa hits you with a +0 short sword!
You hit Duvessa but do no damage.
Duvessa is heavily wounded.
Duvessa barely misses you.
You completely miss Duvessa.
Duvessa is heavily wounded.
Dowan gestures wildly while chanting.
Dowan blinks!
You hit Duvessa but do no damage.
Duvessa is heavily wounded.
Duvessa hits you with a +0 short sword.
You hit Duvessa. You burn Duvessa.
Duvessa is severely wounded.
Duvessa completely misses you.
You hit Duvessa but do no damage.
Duvessa is severely wounded.
Duvessa hits you but does no damage.
You hit Duvessa. You burn Duvessa.
Duvessa is severely wounded.
Duvessa barely misses you.
You hit Duvessa but do no damage.
Duvessa is severely wounded.
Duvessa closely misses you.
You hit Duvessa but do no damage.
Duvessa is severely wounded.
Duvessa closely misses you.
You hit Duvessa but do no damage.
Duvessa is severely wounded.
Duvessa hits you with a +0 short sword!
You hit Duvessa but do no damage.
Duvessa is severely wounded.
Duvessa hits you with a +0 short sword!
* * * LOW HITPOINT WARNING * * *
It was a potion of brilliance.
You feel clever all of a sudden. Duvessa hits you with a +0 short sword!
You die...

#................#.# #.##
####.......)........#.# #.#
#.........##)....############.##
#.........##)....'..............
#[........').....#####.######.##
#.........##.....# ###'###....##
#.........##.....###.....#######
#############...##.....)...##...
#..@#..⌠.....⌠..###.
###e#.....8.....##..
#e##._.###._.###.. #..#####
#######.. #....# #[...##..
#....# #...†##.. #....#
#....##.# ###'## #...†'... #(#
#....####


You could see Duvessa (berserk, very poisoned) and Dowan.

Vanquished Creatures
  Menkaure (D:4)
  An ice beast (D:5)
  A black bear (D:4)
  2 sky beasts (D:5)
  2 ogres
  A centaur (D:4)
  Blork the orc (D:4)
  A necrophage (D:5)
  A scorpion (D:5)
  A hound (D:4)
  2 orc priests (D:4)
  2 iguanas
  2 orc wizards
  9 adders
  2 ufetubi (D:5)
  3 worms
  A dart slug (D:4)
  17 orcs
  8 ball pythons
  A bat (D:3)
  4 endoplasms
  A giant cockroach (D:2)
  10 goblins
  9 hobgoblins
  4 jackals (D:4)
  2 quokkas
  5 frilled lizards
  5 kobolds
  4 rats
103 creatures vanquished.

Vanquished Creatures (others)
  A rat (D:3)
1 creature vanquished.

Grand Total: 104 creatures vanquished

Notes
Turn   | Place    | Note
-------+----------+-------------------------------------------
     0 | D:1      | Aelig the Kobold Brigand began the quest for the Orb.
     0 | D:1      | Reached XP level 1. HP: 12/12 MP: 1/1
   168 | D:1      | Reached XP level 2. HP: 17/17 MP: 2/2
   188 | D:1      | Found Ennarub's Distillery.
   266 | D:1      | You fall into a shaft and drop 1 floor!
   296 | D:2      | Reached skill level 3 in Throwing
   296 | D:2      | Reached XP level 3. HP: 21/21 MP: 3/3
   558 | D:2      | Found Muymi's Magic Scroll Shoppe.
   918 | D:2      | Reached XP level 4. HP: 21/26 MP: 4/4
  1105 | D:1      | Reached skill level 4 in Throwing
  2697 | D:3      | Found Kurphi Boati's General Store.
  2808 | D:3      | Reached XP level 5. HP: 18/30 MP: 5/5
  2936 | D:3      | Bought a scroll of identify for 28 gold pieces
  2936 | D:3      | Bought a scroll of teleportation for 42 gold pieces
  3280 | D:3      | Found Zoahioq's Jewellery Boutique.
  3383 | D:3      | Found a shadowy altar of Dithmenos.
  3635 | D:5      | Entered Level 5 of the Dungeon
  3660 | D:4      | Found an iron altar of Okawaru.
  3733 | D:4      | Reached skill level 5 in Throwing
  3882 | D:4      | Noticed Blork the orc
  3888 | D:4      | Found a bloodstained altar of Trog.
  3898 | D:4      | Noticed Menkaure
  3934 | D:4      | Killed Menkaure
  3935 | D:4      | Reached skill level 5 in Short Blades
  3935 | D:4      | Reached XP level 6. HP: 21/35 MP: 6/6
  4125 | D:4      | Reached skill level 6 in Throwing
  4193 | D:4      | Reached XP level 7. HP: 32/40 MP: 7/7
  4552 | D:5      | Found a staircase to the Ecumenical Temple.
  4559 | Temple   | Entered the Ecumenical Temple
  4709 | Temple   | Became a worshipper of Hepliaklqana the Forgotten
  5025 | D:5      | Reached skill level 7 in Throwing
  5427 | D:6      | Reached XP level 8. HP: 44/44 MP: 8/8
  5477 | D:5      | Reached skill level 8 in Throwing
  5679 | D:5      | Noticed a wyvern
  5685 | D:5      | Found a large runed translucent door.
  5685 | D:5      | Found a large runed translucent door.
  5741 | D:5      | Noticed a troll
  5742 | D:5      | Found a large runed translucent door.
  5747 | D:5      | Found a large runed translucent door.
  5857 | D:5      | Noticed a shadow
  6236 | D:4      | Found Daceatt's Assorted Antiques.
  6481 | D:4      | Killed Blork the orc
  6482 | D:4      | Reached skill level 9 in Throwing
  6782 | D:4      | Found a sparkling altar of Nemelex Xobeh.
  6782 | D:4      | Found a stormy altar of Qazlal.
  7003 | D:4      | Noticed Duvessa
  7007 | D:4      | Noticed Dowan
  7025 | D:4      | HP: 1/44 [Duvessa/+0 short sword (15)]
  7026 | D:4      | Demolished by Duvessa

Illustrated notes

Levels and vault maps discovered:
D:1:      minmay_arrival_split_and_join, layout_loops_ring, serial_shops,
          nicolae_shop_waterfront
D:2:      layout_basic, serial_shops, nicolae_shop_crystal,
          chequers_serial_rivers_micro_e, minmay_pentomino_t4
D:3:      layout_basic, nicolae_dithmenos_shadow_blocks, serial_shops,
          nicolae_shop_hallway_plus, shop_statue, st_stairs_7,
          grunt_decor_resistance
D:4:      layout_basic, okawaru_metal_pillars_1_2, mainiacjoe_overflow_24_doors,
          gammafunk_temple_overflow_pools, serial_shops, shop, uniq_duvessa,
          uniq_blork_the_orc, uniq_menkaure
D:5:      layout_rooms, minmay_temple_entry_crystal_x, minivault_26,
          st_stairs_4, minmay_hollow_rounded_squares
D:6:      layout_basic
Temple:   jpeg_temple_clearing

Skill      XL: |  1  2  3  4  5  6  7  8 |
---------------+-------------------------+-----
Short Blades   | 3 4 5 6 8 |  8.0
Throwing       | 3 4 5 6 7 9 |  9.3
Fighting       | |  2.1
Dodging        | |  1.2
Stealth        | |  5.3

Action                   |  1- 3 |  4- 6 |  7- 9 || total
-------------------------+-------+-------+-------++-------
Melee: Dagger            |    59 |   157 |   120 ||   336
       Punch             |     1 |     2 |     2 ||     5
Throw: Stone             |     4 |    74 |    48 ||   126
       Dart              |     1 |     3 |    18 ||    22
       Boomerang         |       |     4 |       ||     4
Evoke: Wand              |       |       |     1 ||     1
  Use: Potion            |       |     3 |     2 ||     5
       Scroll            |       |     2 |     7 ||     9
 Stab: Sleeping          |    10 |    11 |     6 ||    27
       Distracted        |     2 |       |       ||     2
Armor: Ring mail         |     7 |    37 |    36 ||    80
Dodge: Dodged            |    18 |    52 |    71 ||   141

Table legend: (Time is in decaauts)
 A = Elapsed time spent in this place.
 B = Non-inter-level travel time spent in this place.
 C = Inter-level travel time spent in this place.
 D = Time resting spent in this place.
 E = Time spent auto-exploring this place.
 F = Levels seen in this place.
 G = Mean time per level.
                   A        B        C        D        E       F      G
               +--------+--------+--------+--------+--------+-----+--------+
         Total |   6901 |   6731 |    170 |   2171 |   2928 |   7 |  985.9 |
       Dungeon |   6732 |   6594 |    138 |   2171 |   2822 |   6 | 1122.0 |
        Temple |    168 |    136 |     32 |      0 |    106 |   1 |  168.0 |
               +--------+--------+--------+--------+--------+-----+--------+

Top non-repeatable levels by time:
     D:4: 2088 daAuts
     D:2: 1726 daAuts
     D:5: 1032 daAuts
     D:1: 945 daAuts
     D:3: 933 daAuts
  Temple: 168 daAuts
     D:6: 6 daAuts
